Map: World of Sleepers LE

Players

Namshar

  • Race: Zerg Zerg
  • League: Master
  • Spawn Location: 7:00

Elazer - Winner!

  • Race: Zerg Zerg
  • League: Master
  • Spawn Location: 1:00

Event: NationWars 2019

VOD

Have the link to the VOD?

Description

Time

  • Played on: Oct. 13, 2019, 12:25 p.m.
  • Length: 15:46

All games in this series

Show
View Real Time Build Order
Export as new Build Order

Namshar Zerg 

Build Orders: Hatch First 

Get SALT Encoding   

  12  0:00  Drone  
  13  0:12  Overlord  
  13  0:17  Drone  
  14  0:30  Drone x2  
  16  0:46  Hatchery  
  15  0:50  Drone  
  15  0:53  Drone  
  15  0:57  Drone  
  18  1:07  Extractor  
  17  1:13  Spawning Pool  
  17  1:15  Drone  
  17  1:18  Drone  
  18  1:27  Drone  
  19  1:38  Drone  
  20  1:49  Drone  
  21  1:59  Queen x2  
  21  2:00  Overlord, Drone  
  26  2:07  Metabolic Boost  
  26  2:09  Drone  
  26  2:10  Drone  
  28  2:20  Drone  
  28  2:21  Drone  
  30  2:31  Hatchery  
  30  2:32  Drone  
  30  2:36  Drone  
  31  2:42  Zergling x2  
  31  2:43  Zergling x2  
  33  2:48  Baneling Nest  
  32  2:53  Drone, Overlord  
  33  3:03  Drone  
  33  3:04  Drone  
  35  3:09  Drone  
  35  3:11  Zergling x2  
  37  3:13  Zergling x2  
  37  3:14  Overlord  
  37  3:15  Drone  
  37  3:18  Queen  
  41  3:20  Overlord  
  41  3:22  Zergling x2  
  42  3:32  Zergling x4  
  42  3:33  Baneling x2  
  43  3:36  Baneling x2  
  43  3:38  Zergling x2  
  43  3:40  Zergling x2  
  43  3:41  Zergling x8  
  49  3:46  Evolution Chamber  
  48  3:58  Drone x7  
  54  4:05  Roach Warren  
  54  4:07  Drone  
  54  4:14  Overlord  
  54  4:17  Zerg Missile Weapons Level 1  
  53  4:20  Drone x4  
  57  4:27  Overlord  
  57  4:28  Drone x2  
  57  4:29  Drone x2  
  61  4:36  Drone x2  
  62  4:40  Lair  
  62  4:43  Extractor  
  62  4:45  Extractor, Drone  
  60  4:46  Drone x4  
  60  4:51  Overlord  
  60  4:52  Drone x2  
  67  5:00  Extractor, Drone x7  
  67  5:04  Overlord  
  73  5:09  Overlord  
  73  5:12  Roach  
  74  5:22  Drone x8  
  88  5:28  Roach x3  
  88  5:29  Extractor x2  
  88  5:34  Overlord  
  86  5:40  Glial Reconstitution, Overlord  
  86  5:43  Evolution Chamber  
  86  5:45  Hatchery  
  86  5:46  Roach  
  86  5:47  Roach x2  
  86  5:48  Roach  
  92  5:51  Pneumatized Carapace  
  92  5:58  Drone x3  
  92  6:02  Overlord  
  92  6:03  Roach x4  
  105  6:04  Roach  
  104  6:11  Zerg Missile Weapons Level 2  
  104  6:14  Roach x3  
  104  6:17  Roach x2  
  114  6:23  Roach x3  
  120  6:26  Ravager  
  120  6:27  Ravager  
  120  6:28  Overlord  
  122  6:34  Roach x3  
  122  6:38  Overlord x3  
  128  6:43  Zerg Ground Armor Level 1  
  128  6:50  Roach  
  128  6:51  Roach x4  
  128  6:53  Overseer  
  138  6:59  Queen  
  140  7:02  Drone x3  
  140  7:03  Drone  
  144  7:11  Queen  
  144  7:14  Roach  
  144  7:15  Roach x6  
  156  7:16  Drone  
  156  7:18  Roach  
  156  7:19  Ravager x3  
  162  7:26  Roach x3  
  166  7:33  Roach x2  
  158  7:39  Roach x6  
  148  7:45  Roach x4  
  148  7:50  Roach  
  148  7:51  Roach x3  
  156  7:55  Roach  
  156  7:56  Roach x2  
  156  7:59  Roach  
  156  8:00  Roach  
  150  8:10  Roach x4  
  158  8:14  Ravager  
  158  8:16  Ravager  
  160  8:21  Overlord x3  
  160  8:22  Overlord x2  
  160  8:28  Overlord x2  
  160  8:32  Unknown  
  159  8:38  Overlord  
  159  8:39  Nydus Network  
  156  8:41  Drone x2  
  156  8:42  Drone x2  
  156  8:44  Roach x6  
  172  8:48  Roach x2  
  174  8:59  Roach x6  
  165  9:04  Roach x2  
  145  9:10  Roach x4  
  145  9:14  Roach  
  145  9:15  Roach  
  140  9:19  Roach x3  
  129  9:26  Roach x4  
  127  9:31  Roach x3  
  127  9:35  Ravager  
  127  9:36  Ravager  
  133  9:38  Roach  
  133  9:39  Roach x3  
  133  9:42  Roach x2  
  133  9:44  Nydus Canal  
  145  9:46  Roach x2  
  145  9:52  Roach x3  
  155  9:56  Ravager x3  
  158  10:01  Nydus Canal  
  158  10:05  Roach x6  
  172  10:14  Roach x6  
  172  10:16  Nydus Canal  
  172  10:18  Roach  
  172  10:19  Roach  
  172  10:20  Ravager  
  187  10:24  Drone  
  187  10:26  Roach x3  
  194  10:37  Overseer x2  
  194  10:43  Zerg Ground Armor Level 2  
  194  11:01  Burrow  
  194  11:02  Roach  
  194  11:03  Roach x2  
  185  11:27  Roach x9  
  187  11:36  Roach Warren  
  182  11:40  Roach x8  
  169  12:03  Roach Warren  
  166  12:20  Roach x17  
  200  12:34  Roach x6  
  182  12:40  Roach x3  
  182  12:41  Roach x7  
  182  12:45  Roach  
  182  12:47  Roach  
  182  12:50  Roach  
  162  12:58  Roach x3  
  146  13:05  Roach x2  
  146  13:06  Roach  
  142  13:13  Roach  
  142  13:14  Roach x3  
  140  13:24  Roach x6, Drone x5  
  142  13:33  Roach x3  
  138  13:42  Roach x3  
  138  13:44  Drone  
  134  13:52  Roach x2  
  136  13:59  Roach  
  138  14:19  Roach x4  
  130  14:37  Roach x5  
  108  14:42  Roach  
  96  14:49  Roach x2  
  96  14:52  Roach  
  79  14:56  Roach  
  81  15:01  Roach  
  81  15:02  Roach  
  81  15:06  Roach  
  86  15:11  Roach  
  86  15:13  Roach  
Show
View Real Time Build Order
Export as new Build Order

Elazer Zerg - Winner!

Build Orders: Hatch First 

Get SALT Encoding   

  12  0:00  Drone  
  13  0:12  Overlord  
  13  0:16  Drone  
  14  0:30  Drone x2  
  16  0:48  Hatchery  
  15  0:51  Drone  
  15  0:55  Drone  
  17  0:57  Drone  
  18  1:09  Extractor  
  17  1:13  Spawning Pool  
  17  1:16  Drone  
  17  1:19  Drone  
  18  1:28  Drone  
  19  1:39  Drone  
  20  1:49  Drone  
  21  2:00  Queen x2  
  21  2:01  Overlord, Drone  
  26  2:08  Metabolic Boost  
  26  2:11  Drone  
  26  2:12  Zergling x2  
  28  2:21  Drone x2  
  30  2:32  Drone  
  30  2:34  Hatchery  
  30  2:41  Drone  
  30  2:43  Overlord  
  31  2:46  Drone  
  32  2:54  Drone x2  
  34  3:05  Zergling x4  
  36  3:10  Zergling x10  
  36  3:11  Zergling x2  
  42  3:17  Roach Warren  
  42  3:18  Overlord  
  41  3:22  Queen  
  43  3:32  Drone  
  44  3:40  Drone x2  
  46  3:43  Overlord, Drone  
  46  3:44  Drone x2  
  46  3:47  Overlord  
  49  3:49  Drone x3  
  52  3:59  Roach x2, Evolution Chamber  
  55  4:04  Overlord  
  55  4:05  Roach  
  57  4:15  Roach x3  
  63  4:17  Unknown  
  63  4:19  Overlord  
  63  4:21  Drone x3  
  63  4:22  Drone  
  66  4:25  Zerg Missile Weapons Level 1  
  66  4:26  Drone  
  66  4:30  Drone x2  
  69  4:32  Drone  
  69  4:36  Overlord  
  70  4:41  Overlord  
  70  4:42  Drone x2  
  72  4:47  Extractor  
  72  4:48  Drone x4  
  75  4:55  Lair  
  75  4:56  Drone x2  
  75  4:57  Drone  
  78  5:00  Drone  
  78  5:01  Extractor, Drone  
  78  5:02  Drone  
  78  5:03  Drone  
  78  5:05  Overlord  
  80  5:08  Drone  
  80  5:09  Drone  
  82  5:14  Overlord  
  82  5:15  Drone x3  
  82  5:18  Extractor  
  84  5:22  Overlord  
  84  5:23  Roach x3  
  84  5:27  Overlord  
  91  5:28  Drone  
  91  5:31  Drone x2  
  91  5:32  Drone  
  91  5:33  Roach  
  96  5:35  Overlord  
  96  5:40  Overlord  
  96  5:42  Roach x2  
  100  5:49  Roach x4  
  108  5:54  Overlord  
  108  5:55  Glial Reconstitution  
  108  5:56  Roach x2  
  111  6:01  Overlord  
  111  6:03  Roach x3  
  117  6:07  Roach x2  
  121  6:12  Roach x3  
  121  6:16  Drone  
  121  6:17  Drone  
  129  6:20  Zerg Missile Weapons Level 2  
  129  6:23  Evolution Chamber  
  128  6:28  Pneumatized Carapace  
  128  6:30  Roach  
  130  6:33  Hatchery  
  130  6:36  Roach x4  
  137  6:40  Overlord  
  137  6:43  Roach x3  
  143  6:47  Overlord  
  143  6:49  Zerg Ground Armor Level 1  
  143  6:50  Overseer  
  143  6:52  Roach  
  145  6:56  Overlord  
  145  6:58  Roach x2  
  148  7:01  Overlord  
  148  7:02  Roach x2  
  148  7:08  Roach x3  
  158  7:13  Overlord  
  158  7:15  Roach x3  
  161  7:19  Roach  
  161  7:20  Roach x2  
  161  7:22  Ravager x3  
  168  7:25  Roach x2  
  168  7:29  Roach x3  
  174  7:33  Roach x2  
  160  7:39  Roach x3  
  160  7:41  Roach x2  
  156  7:47  Roach x3  
  156  7:51  Roach x3  
  154  7:56  Roach  
  154  7:57  Roach x2  
  149  8:01  Roach x3  
  145  8:09  Drone x2  
  145  8:12  Roach x2  
  151  8:17  Ravager x2  
  151  8:18  Roach x2, Ravager  
  158  8:23  Roach x6  
  172  8:27  Roach x2  
  172  8:30  Roach x2  
  172  8:33  Ravager x2  
  180  8:41  Roach  
  180  8:42  Roach x6  
  190  8:50  Roach x3  
  173  9:04  Roach x6  
  173  9:08  Roach x7  
  181  9:11  Roach  
  181  9:16  Roach  
  161  9:19  Roach  
  151  9:27  Roach x6  
  151  9:28  Roach x2  
  155  9:34  Infestation Pit  
  155  9:35  Extractor, Drone x3  
  153  9:42  Roach x2  
  157  9:48  Roach x6  
  169  9:59  Roach x8  
  185  10:04  Drone  
  185  10:06  Nydus Network  
  185  10:11  Roach x3  
  185  10:13  Ravager  
  192  10:16  Roach x2  
  192  10:17  Roach  
  198  10:21  Extractor  
  197  10:30  Hive  
  197  10:45  Roach  
  199  11:00  Nydus Canal  
  199  11:25  Roach x3  
  188  11:33  Roach x5  
  194  11:47  Roach x3  
  194  11:48  Roach  
  200  11:57  Nydus Canal  
  198  12:03  Roach x2  
  196  12:11  Nydus Canal  
  196  12:14  Roach x8  
  200  12:18  Burrow  
  200  12:26  Nydus Canal  
  194  12:34  Roach x13, Hatchery  
  183  12:37  Roach x5  
  183  12:41  Roach x2  
  183  12:42  Roach x2  
  189  12:48  Roach x2  
  164  12:54  Roach  
  158  13:02  Roach x3  
  146  13:06  Roach  
  146  13:07  Roach x3  
  146  13:10  Nydus Canal  
  146  13:11  Roach x4  
  156  13:16  Roach  
  156  13:22  Roach x2  
  156  13:25  Queen  
  147  13:30  Roach x2  
  127  13:34  Roach  
  127  13:39  Roach x6  
  137  13:45  Roach x2  
  119  13:49  Roach  
  119  13:53  Roach x3  
  119  13:56  Nydus Canal  
  119  13:57  Roach  
  119  14:00  Roach  
  123  14:03  Ravager x4  
  123  14:05  Roach x2  
  123  14:06  Roach x5  
  141  14:10  Roach  
  143  14:17  Roach  
  143  14:18  Roach x2  
  149  14:27  Roach x4  
  149  14:30  Roach  
  151  14:35  Roach x7  
  139  14:45  Roach x18  
  139  14:46  Roach x10  
  139  14:48  Roach  
  139  14:49  Roach x6  
  141  14:53  Roach x2  
  141  14:56  Roach  
  147  15:02  Overlord  
  147  15:04  Roach  
  149  15:09  Roach x5  
  157  15:20  Roach x3  
  161  15:27  Roach x3  
Tags
 
Add a new tag
Caveats
  • Supply blocks, unpowered buildings, or Contaminate may cause inaccurate times.
  • Supply counts are checked every 10 seconds.